 Dungeon Crawl Stone Soup version 0.32-a0-128-g77eb882913 (webtiles) character file.

Game seed: 11120925937031232207

242 Avarice the Trooper (level 6, 0/58 HPs)
             Began as a Gargoyle Berserker on Feb 8, 2024.
             Was a Priest of Trog.
             Incinerated by a bombardier beetle (3 damage)
             ... with a burning spray
             ... on level 3 of the Dungeon.
             The game lasted 00:06:31 (2131 turns).

Avarice the Trooper (Gargoyle Berserker)            Turns: 2131, Time: 00:06:31

Health: 0/58       AC: 11    Str: 23    XL:     6   Next: 9%
Magic:  6/6        EV: 12    Int:  7    God:    Trog [***...]
Gold:   177        SH:  3    Dex:  9    Spells: 5/5 levels left

rFire   . . .        c - +3 whip
rCold   . . .        n - +0 buckler
rNeg    + . .        b - +0 animal skin
rPois   ∞            (no helmet)
rElec   +            (no cloak)
rCorr   .            j - +0 pair of gloves
SInv    .            e - +2 pair of boots
Will    .....        (no amulet) Stlth
                     (no ring)
HPRegen 0.29/turn    (no ring)
MPRegen 0.10/turn

%: no passive effects
@: berserking, on fire, glowing, very quick
A: sickness immunity, AC +4, negative energy resistance 1, electricity
resistance, torment resistance 1, petrification resistance
a: Renounce Religion, Berserk, Trog's Hand


You were on level 3 of the Dungeon.
You worshipped Trog.
Trog was most pleased with you.
You visited 1 branch of the dungeon, and saw 3 of its levels.

You collected 177 gold pieces.

Inventory:

Hand Weapons
 a - a +0 hand axe
 c - a +3 whip (weapon)
Armour
 b - a +0 animal skin (worn)
 e - a +2 pair of boots (worn)
 j - a +0 pair of gloves (worn)
 n - a +0 buckler (worn)
Scrolls
 d - 6 scrolls of identify {unknown}
 f - a scroll of fog {unknown}
 g - a scroll of teleportation {unknown}
 k - a scroll of amnesia {unknown}
 m - a scroll of blinking {unknown}
Potions
 h - a potion of curing {unknown}
 i - a potion of heal wounds {unknown}
 l - 2 potions of berserk rage {unknown}


   Skills:
 + Level 4.5 Fighting
 + Level 3.8 Axes
 + Level 3.7 Armour
 + Level 2.8 Dodging


You had 5 spell levels left.
You didn't know any spells.
Your spell library was empty.

Dungeon Overview and Level Annotations

Branches:
Dungeon (3/15)

Altars:
Nemelex Xobeh


Innate Abilities, Weirdness & Mutations

You are immune to sickness and miasma.
Your stone body is resilient. (AC +4)
You are immune to poison.
You resist negative energy. (rN+)
You are resistant to electric shocks. (rElec)
You are resistant to unholy torment.
You are immune to petrification.


Message History

The bombardier beetle sprays incendiary fluid at you.
The burning spray hits you.
You are even more covered in liquid fire!
You hit the bombardier beetle.
The bombardier beetle is heavily wounded.
The liquid fire burns you!
You hit the bombardier beetle.
The bombardier beetle is heavily wounded.
The liquid fire burns you!
The bombardier beetle sprays incendiary fluid at you.
The burning spray hits you.
You are even more covered in liquid fire!
You barely miss the bombardier beetle.
The bombardier beetle is heavily wounded.
The liquid fire burns you!
You recover from your berserk rage.
You hit the bombardier beetle.
The bombardier beetle is heavily wounded.
The liquid fire burns you!
* * * LOW HITPOINT WARNING * * *
The bombardier beetle barely misses you.
A red film seems to cover your vision as you go berserk!
You feel yourself moving faster!
You feel mighty! The liquid fire burns you!
* * * LOW HITPOINT WARNING * * *
The bombardier beetle bites you but does no damage.
You whack the bombardier beetle!
You kill the bombardier beetle!
Trog accepts your kill. The liquid fire burns you!
* * * LOW HITPOINT WARNING * * *
You have reached level 6!
You are on fire!
You shake off some of the fire as you move.
The liquid fire burns you!
* * * LOW HITPOINT WARNING * * *
You shake off some of the fire as you move.
You feel a strong urge to attack something.
The liquid fire burns you!
You die...

##.#.##.# #.#.##.#
#.#.##.# #.#.##.#
#.#.##.#####.#
#.#..........#
#######.####.#######
........###)..#
#))@.>..# #.###.).#
#.# ##### #.# #.#
#.# #.. ##.


There were no monsters in sight!

Vanquished Creatures
  A bombardier beetle (D:3)
  An orc wizard (D:3)
  7 gnolls (D:3)
  2 adders
  2 dart slugs
  4 ribbon worms
  3 orcs
  8 endoplasms
  2 giant cockroaches
  8 goblins
  10 hobgoblins
  4 jackals (D:2)
  5 quokkas
  3 ball pythons (D:1)
  7 bats
  2 frilled lizards (D:2)
  5 kobolds
  6 rats
80 creatures vanquished.

Notes
Turn   | Place    | Note
-------+----------+-------------------------------------------
     0 | D:1      | Avarice the Gargoyle Berserker began the quest for the Orb.
     0 | D:1      | Reached XP level 1. HP: 14/14 MP: 1/1
    90 | D:1      | Reached XP level 2. HP: 19/19 MP: 2/2
   334 | D:1      | Reached XP level 3. HP: 23/23 MP: 3/3
   408 | D:1      | Reached ** piety under Trog
   442 | D:1      | Found a faded altar of an unknown god.
   936 | D:2      | Found a sparkling altar of Nemelex Xobeh.
   969 | D:2      | Reached XP level 4. HP: 29/29 MP: 4/4
  1251 | D:2      | Reached skill level 4 in Fighting
  1751 | D:3      | Reached XP level 5. HP: 33/33 MP: 5/5
  1817 | D:3      | Reached *** piety under Trog
  2130 | D:3      | Reached XP level 6. HP: 4/39 MP: 6/6
  2131 | D:3      | Incinerated by a bombardier beetle

Illustrated notes

Levels and vault maps discovered:
D:1:      roderic_dead_forest, layout_rooms,
          hellmonk_ecumenical_altar_prayer_group
D:2:      layout_loops_corners, basic_altar, minmay_pentomino_t4
D:3:      layout_loops_ring, nicolae_dithmenos_shadow_blocks

Skill      XL: |  1  2  3  4 |
---------------+-------------+-----
Axes           | 3 |  3.8
Dodging        | 2 |  2.8
Armour         | 3 |  3.7
Fighting       | 4 |  4.5

Action                     |  1- 3 |  4- 6 || total
---------------------------+-------+-------++-------
  Melee: Hand axe          |    23 |       ||    23
         Whip              |   111 |   120 ||   231
         Punch             |     1 |     1 ||     2
 Invoke: Berserk           |       |     3 ||     3
   Stab: Sleeping          |     1 |       ||     1
 Armour: Animal skin       |    70 |    71 ||   141
  Dodge: Dodged            |    77 |    74 ||   151
  Block: Buckler           |       |     2 ||     2

Table legend: (Time is in decaauts)
 A = Elapsed time spent in this place.
 B = Non-inter-level travel time spent in this place.
 C = Inter-level travel time spent in this place.
 D = Time resting spent in this place.
 E = Time spent auto-exploring this place.
 F = Levels seen in this place.
 G = Mean time per level.
                   A        B        C        D        E       F      G
               +--------+--------+--------+--------+--------+-----+--------+
         Total |   2143 |   2099 |     44 |    347 |   1130 |   3 |  714.3 |
       Dungeon |   2143 |   2099 |     44 |    347 |   1130 |   3 |  714.3 |
               +--------+--------+--------+--------+--------+-----+--------+

Top non-repeatable levels by time:
     D:2: 1100 daAuts
     D:1: 595 daAuts
     D:3: 447 daAuts
